 Dungeon Crawl Stone Soup version 0.31-a0-193-gdfe2569204 (webtiles) character file.

Game seed: 8058009229897408260

591 qw the Skirmisher (level 7, -3/39 (40) HPs)
             Began as a Deep Elf Hunter on June 23, 2023.
             Slain by a wight
             ... wielding a +0 battleaxe
              (7 damage)
             ... on level 5 of the Dungeon.
             The game lasted 00:01:19 (3391 turns).

qw the Skirmisher (Deep Elf Hunter)                 Turns: 3391, Time: 00:01:20

HP:   -3/39 (40)    AC:  7    Str: 10    XL:     7   Next: 16%
MP:   9/9           EV: 16    Int: 14    God:
Gold: 163           SH:  0    Dex: 18    Spells: 6/6 levels left

rFire   + . .        Y - +1 shortbow
rCold   . . .        (shield currently unavailable)
rNeg    . . .        h - +0 ring mail
rPois   +            (no helmet)
rElec   .            e - +0 cloak {rPois}
rCorr   .            a - +0 pair of gloves
SInv    .            (no boots)
Will    .....        (no amulet)
Stlth   +            k - ring of protection from fire
HPRegen 0.26/turn    m - +5 ring of evasion
MPRegen 0.11/turn

%: no passive effects
@: lightly drained
A: no striking features
a: no special abilities


You were on level 5 of the Dungeon.
You visited 1 branch of the dungeon, and saw 5 of its levels.

You collected 163 gold pieces.


   Skills:
 - Level 2.3 Fighting
 + Level 10.4 Ranged Weapons
 - Level 1.3 Armour
 - Level 3.0 Dodging
 - Level 1.2 Stealth


You had 6 spell levels left.
You didn't know any spells.
Your spell library was empty.

Inventory:

Hand Weapons
 Y - a +1 shortbow (weapon)
Armour
 a - a +0 pair of gloves (worn)
 c - a scarf of harm
 e - a +0 cloak of poison resistance (worn)
 h - a +0 ring mail (worn)
Jewellery
 j - the ring of Generosity {rC- rN+ Str+5}
   (You found it on level 3 of the Dungeon)

   [ring of positive energy]

   Str:       It affects your strength (+5).
   rC:        It makes you vulnerable to cold.
   rN:        It protects you from negative energy.
 k - a ring of protection from fire (left hand)
 m - a +5 ring of evasion (right hand)
Scrolls
 g - a scroll of identify
Potions
 b - a potion of mutation
 d - a potion of might
 f - a potion of haste

Dungeon Overview and Level Annotations

Branches:
Dungeon (5/15)
 Temple: D:4-7

Altars:


Message History

Pain shoots through your body! The ice beast closely misses you.
The white imp closely misses you. The shadow imp hits you.
The ice beast barely misses you. The wight barely misses you.
You shoot an arrow. The arrow hits the ice beast!
The ice beast is severely wounded.
The wight misses you. The wight closely misses you.
The white imp gestures at you. The puff of frost hits you.
The ice beast closely misses you. The shadow imp hits you.
You shoot an arrow.
The arrow hits the ice beast but does no damage.
The ice beast is severely wounded.
The white imp misses you.
The ice beast hits you but does no damage.
The wight misses you. The shadow imp gestures at you.
Pain shoots through your body!
The wight hits you from afar with a +0 trident.
3389 ||| DRINKING potion of heal wounds.
You feel much better. The wight barely misses you.
The wight closely misses you. The wight barely misses you.
The ice beast hits you. The ice beast freezes you!
The white imp gestures at you. The puff of frost misses you.
The puff of frost hits the wight but does no damage.
The shadow imp completely misses you.
You shoot an arrow.
The arrow hits the ice beast but does no damage.
The ice beast is severely wounded.
The wight hits you from afar with a +0 trident.
You feel drained. The wight misses you.
The white imp hits you but does no damage.
The ice beast completely misses you.
The shadow imp hits you but does no damage.
The wight hits you with a +3 flail of protection!
You shoot an arrow.
The arrow hits the ice beast but does no damage.
The ice beast is severely wounded.
The wight misses you. The wight hits you with a +0 battleaxe!
You die...

...... .#
......# ?#
....... .#
.......#.#
.........#
#......#
#...z..#
#..5z@.#
##..5Y5#
#..5zz.#
........#
#.......).#
.........##
.....\....
.........#


You could see an ice beast, 4 wights, a white imp, 2 shadow imps and an
ufetubus.

Vanquished Creatures
  An ogre (D:4)
  2 scorpions
  A hound (D:3)
  An orc priest (D:4)
  2 jellies
  An orc wizard (D:4)
  Natasha (twice) (D:2)
  7 gnolls
  3 adders
  A shadow imp (D:5)
  3 dart slugs
  4 orcs
  7 ball pythons
  4 bats
  10 endoplasms
  4 giant cockroaches
  8 goblins
  4 hobgoblins
  4 jackals (D:1)
  7 kobolds
  2 quokkas
  6 frilled lizards
  5 rats
89 creatures vanquished.

Notes
Turn   | Place    | Note
-------+----------+-------------------------------------------
     0 | D:1      | qw the Deep Elf Hunter began the quest for the Orb.
     0 | D:1      | Reached XP level 1. HP: 12/12 MP: 3/3
     0 | D:1      | 0 ||| qw: Version: 0.3-a-9-g12657ce
     0 | D:1      | 0 ||| qw: Game counter: 4622
     0 | D:1      | 0 ||| qw: Always use a shield: true
     0 | D:1      | 0 ||| qw: God list: Okawaru
     0 | D:1      | 0 ||| qw: Allow faded altars: false
     0 | D:1      | 0 ||| qw: Do Orc after D:15 true
     0 | D:1      | 0 ||| qw: Do second Lair branch before Depths: true
     0 | D:1      | 0 ||| qw: Lair rune preference: random
     0 | D:1      | 0 ||| qw: Plans: Normal
     0 | D:1      | 0 ||| PLANNING D:1-11
   110 | D:1      | Reached skill level 6 in Ranged Weapons
   110 | D:1      | Reached XP level 2. HP: 16/16 MP: 4/4
   273 | D:1      | Reached XP level 3. HP: 20/20 MP: 5/5
   363 | D:1      | 363 ||| FLEEEEING.
   364 | D:1      | 364 ||| FLEEEEING.
   516 | D:1      | 516 ||| UPGRADING to +0 ring mail.
   526 | D:1      | 526 ||| DROPPING +0 leather armour.
   527 | D:1      | 527 ||| READING scroll labelled IBUSMO COTOMN.
   528 | D:1      | 528 ||| READING scroll labelled POCUEC VILIERE.
   532 | D:1      | 532 ||| READING scroll labelled DYUXE MAERYN CIUC.
   533 | D:1      | 533 ||| DRINKING 2 bubbling golden potions.
   534 | D:1      | 534 ||| DROPPING scroll of butterflies.
   606 | D:2      | Reached skill level 7 in Ranged Weapons
   929 | D:2      | Noticed Natasha
   936 | D:2      | Killed Natasha
   937 | D:2      | Reached XP level 4. HP: 25/25 MP: 6/6
  1323 | D:2      | Noticed Natasha
  1328 | D:2      | Killed Natasha
  1329 | D:2      | Reached skill level 8 in Ranged Weapons
  1613 | D:2      | Found a faded altar of an unknown god.
  1617 | D:2      | 1617 ||| UPGRADING to +0 pair of gloves.
  1622 | D:2      | 1622 ||| READING scroll labelled RULUOVU SOFYNN.
  1623 | D:2      | 1623 ||| READING scroll labelled OFFUIR HIUW.
  1623 | D:2      | Identified a scroll of acquirement
  1623 | D:2      | 1623 ||| ACQUIRING +0 cloak of poison resistance
  1623 | D:2      | Acquired a +0 cloak of poison resistance
  1625 | D:2      | 1625 ||| UPGRADING to +0 cloak of poison resistance.
  1630 | D:2      | 1630 ||| READING 3 scrolls of identify.
  1630 | D:2      | 1630 ||| IDENTIFYING grey potion
  1631 | D:2      | 1631 ||| READING 2 scrolls of identify.
  1631 | D:2      | 1631 ||| IDENTIFYING coppery potion
  1632 | D:2      | 1632 ||| DROPPING potion of lignification.
  1735 | D:3      | Reached XP level 5. HP: 27/29 MP: 7/7
  1897 | D:3      | Identified the ring of Generosity {rC- rN+ Str+5}
  2162 | D:3      | 2162 ||| Stepping ~*~*~tactically~*~*~ (outnumbered).
  2168 | D:3      | Reached skill level 9 in Ranged Weapons
  2265 | D:3      | 2265 ||| UPGRADING to ring of protection from fire.
  2266 | D:3      | 2266 ||| READING scroll labelled ODUFOWALOI.
  2267 | D:3      | 2267 ||| READING 3 scrolls of identify.
  2267 | D:3      | 2267 ||| IDENTIFYING smoky golden potion
  2302 | D:4      | Reached skill level 1 in Armour
  2302 | D:4      | Reached XP level 6. HP: 34/36 MP: 8/8
  2401 | D:4      | 2401 ||| DRINKING potion of curing.
  2401 | D:4      | 2401 ||| (to cure confusion)
  2707 | D:4      | Reached skill level 10 in Ranged Weapons
  3274 | D:4      | 3274 ||| UPGRADING to +5 ring of evasion.
  3275 | D:4      | 3275 ||| READING scroll labelled ULEIDU ZAUR.
  3276 | D:4      | 3276 ||| READING 4 scrolls of identify.
  3276 | D:4      | 3276 ||| IDENTIFYING golden potion
  3277 | D:4      | 3277 ||| READING 3 scrolls of identify.
  3277 | D:4      | 3277 ||| IDENTIFYING silvery potion
  3278 | D:4      | 3278 ||| READING 2 scrolls of identify.
  3278 | D:4      | 3278 ||| IDENTIFYING dark potion
  3279 | D:4      | 3279 ||| DROPPING potion of attraction.
  3280 | D:4      | 3280 ||| DROPPING potion of degeneration.
  3315 | D:5      | Entered Level 5 of the Dungeon
  3319 | D:5      | Reached skill level 3 in Dodging
  3340 | D:5      | Reached XP level 7. HP: 40/40 MP: 9/9
  3388 | D:5      | HP: 3/40 [shadow imp/nerve-wracking pain (12)]
  3389 | D:5      | 3389 ||| DRINKING potion of heal wounds.
  3391 | D:5      | Slain by a wight

Levels and vault maps discovered:
D:1:      lemuel_arrival_river_ford, layout_rooms
D:2:      layout_basic, shapermc_ecumenical_altar_hornbeckon,
          minmay_misc_feat_x, uniq_natasha
D:3:      layout_basic, minmay_quantized
D:4:      layout_basic
D:5:      layout_cave_pods, serial_demonic, serial_demonic_f, serial_demonic_d,
          serial_demonic_e, serial_demonic_d, serial_demonic_f

Skill      XL: |  1  2  3  4  5  6 |
---------------+-------------------+-----
Ranged Weapons | 6 7 8 9 10 | 10.4
Fighting       | 2 |  2.3
Armour         | 1 |  1.3
Dodging        | 3 |  3.0
Stealth        | |  1.2

Action                     |  1- 3 |  4- 6 |  7- 9 || total
---------------------------+-------+-------+-------++-------
   Fire: Shortbow          |    99 |   182 |    12 ||   293
    Use: Scroll            |     3 |    10 |       ||    13
         Potion            |     1 |     1 |     1 ||     3
 Armour: Leather armour    |     4 |       |       ||     4
         Ring mail         |     1 |    37 |     3 ||    41
  Dodge: Dodged            |    12 |    44 |    23 ||    79

Table legend:
 A = Non-vault XP
 B = Vault XP
 C = Vault XP percentage of total XP
 D = Non-vault monster count
 E = Vault monster count
 F = Vault count percentage of total count
                 A         B        C        D         E       F
            +---------+---------+-------+---------+---------+-------
      Total |     789 |      56 |   6.6 |      81 |       8 |   9.0
            +---------+---------+-------+---------+---------+-------
        D:1 |      56 |       0 |   0.0 |      28 |       0 |   0.0
        D:2 |      92 |      35 |  27.6 |      22 |       1 |   4.3
        D:3 |     112 |      10 |   8.2 |      12 |       6 |  33.3
        D:4 |     409 |       0 |   0.0 |      17 |       0 |   0.0
        D:5 |     120 |      11 |   8.4 |       2 |       1 |  33.3
            +---------+---------+-------+---------+---------+-------
